 Dungeon Crawl Stone Soup version 0.19-a0-920-gb70b166 (webtiles) character file.

209 Ryco the Sneak (level 5, -3/25 HPs)
             Began as a Spriggan Enchanter on July 5, 2016.
             Killed by nerve-wracking pain
             ... invoked by a shadow imp
              (12 damage)
             ... on level 5 of the Dungeon.
             The game lasted 00:08:32 (1465 turns).

Ryco the Sneak (Spriggan Enchanter)                 Turns: 1465, Time: 00:08:33

Health: -3/25      AC:  4    Str:  4    XL:     5   Next: 55%
Magic:  10/10      EV: 21    Int: 16    God:
Gold:   167        SH:  0    Dex: 18    Spells: 4 memorised, 1 level left

rFire  . . .     SeeInvis +     a - +2 short sword (venom)
rCold  . . .     Gourm    .     e - +1 robe
rNeg   . . .     Faith    .     (shield restricted)
rPois  .         Spirit   .     (helmet restricted)
rElec  .         Dismiss  .     h - +0 cloak
rCorr  .         Reflect  .     (gloves unavailable)
SustAt .         Harm     .     (boots unavailable)
MR     .....                    (no amulet)
Stlth  ++++......               (no ring)
                                (no ring)

@: very quick, not resistant to hostile enchantments, stealthy
A: unfitting armour, see invisible, herbivore 3, speed 3, slow metabolism 2
a: no special abilities


You were on level 5 of the Dungeon.
You were not hungry.

You visited 1 branch of the dungeon, and saw 5 of its levels.

You collected 167 gold pieces.

Inventory:

Hand Weapons
 a - a +2 short sword of venom (weapon)
 b - a +1 dagger of venom
Armour
 e - a +1 robe (worn)
 h - a +0 cloak (worn)
Wands
 n - a wand of slowing (27/48)
Scrolls
 f - 2 scrolls of enchant armour {unknown}
 g - 2 scrolls of remove curse {unknown}
 j - 2 scrolls of amnesia {unknown}
 p - a scroll of fear {unknown}
 q - a scroll of fog {unknown}
 s - a scroll of recharging {unknown}
 t - a scroll of enchant weapon {unknown}
 u - a scroll of noise {unknown}
 v - a scroll of magic mapping {unknown}
Potions
 i - 3 potions of ambrosia {unknown}
 k - 3 potions of agility {unknown}
 m - 2 potions of flight {unknown}
 o - 2 potions of mutation {unknown}
 r - a potion of haste {unknown}
Books
 c - a book of Maledictions

   Spells                             Type                      Level
   a - Corona                         Hexes                        1
   b - Ensorcelled Hibernation        Hexes/Ice                    2
   c - Confuse                        Hexes                        3
   d - Tukima's Dance                 Hexes                        3
   e - Dazzling Spray                 Conjuration/Hexes            3
Comestibles
 d - 3 bread rations
 l - a slice of pizza


   Skills:
 + Level 1.0 Fighting
 * Level 2.6 Short Blades
 + Level 5.0 Dodging
 + Level 6.4 Stealth
 + Level 3.3 Spellcasting
 + Level 4.1 Hexes


You had one spell level left.
You knew the following spells:

 Your Spells              Type           Power        Failure   Level  Hunger
a - Ensorcelled Hibernat  Hex/Ice        #.....       14%         2    ##.....
b - Corona                Hex            ###....      4%          1    None
c - Confuse               Hex            ###.....     12%         3    ###....
t - Tukima's Dance        Hex            ###.....     12%         3    ###....


Dungeon Overview and Level Annotations

Branches:
Dungeon (5/15)
 Temple: D:4-7

Altars:
Ru
Sif Muna


Innate Abilities, Weirdness & Mutations

You are tiny and cannot use many weapons and most armour.
You have supernaturally acute eyesight. (SInv)
You are a herbivore.
You cover ground extremely quickly.
You need consume almost no food.


Message History

Casting: Ensorcelled Hibernation
Confirm with . or Enter, or press ? or * to list all spells.
Okay, then.
Unknown command.
A shadow imp comes into view.
The shadow imp moves out of view.
An adder skeleton comes into view.
The adder skeleton misses you.
You closely miss the shadow imp. The adder skeleton misses you.
The shadow imp gestures at you. Pain shoots through your body!
You hit the shadow imp.
The shadow imp is lightly wounded.
The adder skeleton closely misses you. The shadow imp completely misses you.
You hit the shadow imp.
The shadow imp is heavily wounded.
The adder skeleton barely misses you. The shadow imp gestures at you.
Pain shoots through your body!
You die...

##........#
#.......#.##
##..........#
##
#...........#
##.
#.........#.##
#..
##........#..#
##..
#........#..#
#...
#........##.##
#...
#....@...##..#
#..
##..5Z...##..##
##..
#......####..#
###... #....###
#..###...##
#..###
#>.#...#### ###
##........#
#..#......
##.#.......
##.##.......


You could see a shadow imp and an adder skeleton.

Vanquished Creatures
  A crimson imp (D:5)
  A hound (D:4)
  Jessica (D:3)
  Terence (D:3)
  Robin (D:3)
  A gnoll (D:1)
  An adder (D:3)
  2 oozes
  A worm (D:2)
  A dart slug (D:3)
  2 giant geckos
  A ball python (D:2)
  2 giant cockroaches
  13 goblins
  4 hobgoblins
  3 jackals (D:4)
  4 bats
  A giant newt (D:2)
  8 kobolds
  3 rats
52 creatures vanquished.

Notes
Turn   | Place    | Note
-------+----------+-------------------------------------------
     0 | D:1      | Ryco the Spriggan Enchanter began the quest for the Orb.
     0 | D:1      | Reached XP level 1. HP: 9/9 MP: 5/5
    97 | D:1      | Reached XP level 2. HP: 13/13 MP: 6/6
   101 | D:1      | Learned a level 2 spell: Ensorcelled Hibernation
   537 | D:2      | Reached XP level 3. HP: 16/16 MP: 8/8
   542 | D:2      | Learned a level 3 spell: Confuse
   583 | D:2      | Reached skill level 5 in Stealth
   665 | D:3      | Found a deep blue altar of Sif Muna.
   847 | D:3      | Noticed Terence
   855 | D:3      | Killed Terence
   855 | D:3      | Reached XP level 4. HP: 20/21 MP: 9/9
   932 | D:3      | Noticed Jessica
   938 | D:3      | Killed Jessica
   946 | D:3      | Found a faded altar of an unknown god.
   965 | D:3      | Found a sacrificial altar of Ru.
  1020 | D:4      | Noticed Robin
  1113 | D:3      | Killed Robin
  1113 | D:3      | Reached XP level 5. HP: 12/25 MP: 7/10
  1150 | D:4      | Reached skill level 6 in Stealth
  1367 | D:4      | Learned a level 3 spell: Tukima's Dance
  1368 | D:5      | Entered Level 5 of the Dungeon
  1432 | D:5      | Reached skill level 1 in Fighting
  1432 | D:5      | Reached skill level 5 in Dodging
  1465 | D:5      | Killed from afar by a shadow imp

Vault maps used:
D:1:      scummos_arrival_simple_fountains
D:2:      xom_teletrap_fun, st_stairs_9
D:3:      overflow_temple_1_default, nicolae_ru_path_of_blood,
          ecumenical_altar_2, uniq_terence, uniq_jessica, uniq_iyjb
D:4:      first_bread, uniq_robin, uniq_blork_the_orc
D:5:      minmay_guarded_unrand_vampires_tooth

Skill      XL: |  1  2  3  4  5 |
---------------+----------------+-----
Spellcasting   | 3 |  3.3
Stealth        | 5 6 |  6.4
Dodging        | 4 5 |  5.0
Hexes          | 4 |  4.1
Short Blades   | 2 |  2.6
Fighting       | 1 |  1.0

Action                   |  1- 3 |  4- 6 || total
-------------------------+-------+-------++-------
Melee: Short sword       |    75 |    57 ||   132
       Dagger            |     2 |       ||     2
 Cast: Corona            |     1 |       ||     1
       Ensorcelled Hiber |     2 |     5 ||     7
 Stab: Sleeping          |     8 |     7 ||    15
Armor: Robe              |    11 |     5 ||    16
Dodge: Dodged            |    53 |    64 ||   117
